 Dungeon Crawl Stone Soup version 0.29-a0-106-g0a07039d5a (webtiles) character file.

Game seed: 8602067245265847451

459 kae the Ruffian (level 6, -2/50 HPs)
             Began as a Draconian Transmuter on Feb 16, 2022.
             Slain by a kobold (5 damage)
             ... on level 4 of the Dungeon.
             The game lasted 00:01:32 (3841 turns).

kae the Ruffian (Draconian Transmuter)              Turns: 3841, Time: 00:01:33

Health: -2/50      AC:  6    Str: 13    XL:     6   Next: 78%
Magic:  18/19      EV: 12    Int: 15    God:
Gold:   139        SH:  0    Dex: 11    Spells: 7/11 levels left

rFire   . . .      SeeInvis .     - Unarmed
rCold   . . .      Faith    .   (no shield)
rNeg    . . .      Spirit   .   (armour unavailable)
rPois   .          Reflect  .   (helmet restricted)
rElec   .          Harm     .   (no cloak)
rCorr   .          Rampage  .   (no gloves)
Will    .....                   (no boots)
Stlth   +.........              (no amulet)
HPRegen 0.16/turn               c - ring of magical power
MPRegen 0.16/turn               (no ring)

@: slowed, very slow
A: AC +6, unfitting armour, cold-blooded
a: no special abilities


You were on level 4 of the Dungeon.
You visited 1 branch of the dungeon, and saw 4 of its levels.

You collected 139 gold pieces.

Inventory:

Jewellery
 c - a ring of magical power (left hand)
 h - the amulet of Winter {rF+ rC- Regen+ Dex+5}
   (You found it on level 3 of the Dungeon)

   [amulet of regeneration]

   Dex:       It affects your dexterity (+5).
   rF:        It protects you from fire.
   rC:        It makes you vulnerable to cold.
   Regen:     It increases your rate of health regeneration.
 i - a +6 ring of intelligence
Wands
 e - a wand of flame (27)
Potions
 a - a potion of mutation
 b - a potion of flight


   Skills:
 + Level 2.8 Fighting
 + Level 2.8 Dodging
 * Level 4.7 Unarmed Combat
 + Level 3.0 Spellcasting
 * Level 4.0 Transmutations
 - Level 2.0 Poison Magic


You had 7 spell levels left.
You knew the following spells:

 Your Spells              Type           Power      Damage    Failure   Level
a - Beastly Appendage     Tmut           28%        N/A       3%          1
b - Spider Form           Tmut/Pois      11%        N/A       17%         3

Your spell library contained the following spells:

 Spells                   Type           Power      Damage    Failure   Level
 Wereblood                Tmut           14%        N/A       6%          2
 Ice Form                 Ice/Tmut       8%         N/A       65%         4


Dungeon Overview and Level Annotations

Branches:
Dungeon (4/15)
 Temple: D:4-7

Altars:


Innate Abilities, Weirdness & Mutations

Your plain brown scales are hard. (AC +6)
You cannot fit into any form of body armour.
You are cold-blooded and may be slowed by cold attacks.


Message History

The kobold brigand closely misses you.
The kobold brigand hits you with a +0 club!
The kobold brigand closely misses you.
You hit the kobold brigand.
The kobold brigand is lightly wounded.
The kobold brigand hits you with a +0 club.
You hit the kobold brigand.
The kobold brigand is poisoned.
The kobold brigand is lightly wounded.
The kobold brigand closely misses you.
You hit the kobold brigand.
The kobold brigand is lightly wounded.
The kobold brigand hits you with a +0 club.
* * * LOW HITPOINT WARNING * * *
The kobold brigand misses you.
Your magical contamination has completely faded away.
You closely miss the kobold brigand.
The kobold brigand is lightly wounded.
The kobold brigand hits you with a +0 club.
* * * LOW HITPOINT WARNING * * *
You bite the kobold brigand!
The kobold brigand looks as sick as possible!
The kobold brigand is heavily wounded.
The kobold brigand hits you with a +0 club.
* * * LOW HITPOINT WARNING * * *
The kobold brigand closely misses you.
You hit the kobold brigand.
The kobold brigand is severely wounded.
Your transformation is almost over.
You kill the kobold brigand!
The kobold misses you.
Your Spellcasting skill increases to level 3!
Your Transmutations skill increases to level 4!
The kobold misses you.
The jackal pauses to sniff the ground.
The jackal stops to sniff the ground.
The kobold completely misses you.
Your transformation has ended.
The kobold closely misses you.
The kobold hits you with a +0 short sword.
You die...

..# #.# #.# ###
#.# #.# #
#[#####.# #
#.#.....## #
..........# #
##.#.####.# # ###
# #.# ..... ...
#.# .#### #.. #@#
..# # #.# #K# #(#
#.#.# #S#
...##.#.########.#
##........O)Sh.Sh#
(#.#.##.##########
.#...B..#
rK.K.#...
.##..S..#.


You could see an adder, a jackal, a ball python and a kobold.

Vanquished Creatures
  A necrophage (D:4)
  An ogre (D:4)
  A kobold brigand (D:4)
  Natasha (thrice) (D:2)
  An orc wizard (D:4)
  4 adders
  A white imp (D:4)
  A worm (D:3)
  A dart slug (D:2)
  3 orcs (D:3)
  5 bats
  5 endoplasms
  2 giant cockroaches
  7 goblins
  5 hobgoblins
  6 jackals (D:2)
  6 kobolds
  A quokka (D:4)
  12 ball pythons
  A frilled lizard (D:1)
  6 rats
73 creatures vanquished.

Notes
Turn   | Place    | Note
-------+----------+-------------------------------------------
     0 | D:1      | kae the Draconian Transmuter began the quest for the Orb.
     0 | D:1      | Reached XP level 1. HP: 16/16 MP: 3/3
   409 | D:1      | Reached XP level 2. HP: 20/23 MP: 3/5
   516 | D:1      | Found a faded altar of an unknown god.
   949 | D:2      | Noticed Natasha
   959 | D:2      | Killed Natasha
   960 | D:2      | Reached XP level 3. HP: 17/28 MP: 5/6
   964 | D:2      | Learned a level 3 spell: Spider Form
  1378 | D:2      | Reached XP level 4. HP: 33/36 MP: 7/7
  1563 | D:2      | Noticed Natasha
  1578 | D:2      | Killed Natasha
  1579 | D:2      | Reached skill level 1 in Poison Magic
  1807 | D:2      | Noticed Natasha
  1816 | D:2      | Killed Natasha
  1979 | D:2      | Reached XP level 5. HP: 40/41 MP: 8/8
  3396 | D:3      | Identified the amulet of Winter {rF+ rC- Regen+ Dex+5}
  3725 | D:4      | Noticed a necrophage
  3738 | D:4      | Killed a necrophage
  3739 | D:4      | Reached XP level 6. HP: 50/50 MP: 10/10
  3833 | D:4      | HP: 1/50 [kobold brigand (6)]
  3841 | D:4      | Slain by a kobold

Illustrated notes

Levels and vault maps discovered:
D:1:      shiori_arrival_elements, layout_basic,
          hellmonk_ecumenical_altar_heavens_door
D:2:      layout_loops_ring, uniq_natasha
D:3:      minmay_razor_zed, layout_basic, chequers_jeans,
          chequers_serial_rivers_micro_d
D:4:      layout_loops_ring, amcnicky_mini_corridor_feature,
          minmay_fractal_squares_5

Skill      XL: |  1  2  3  4  5  6 |
---------------+-------------------+-----
Dodging        | 2 |  2.8
Fighting       | 2 |  2.8
Transmutations | 3 4 |  4.0
Poison Magic   | 1 2 |  2.0
Unarmed Combat | 4 |  4.7
Spellcasting   | 3 |  3.0

Action                   |  1- 3 |  4- 6 || total
-------------------------+-------+-------++-------
Melee: Unarmed           |    68 |   171 ||   239
       Kick              |    11 |    24 ||    35
       Headbutt          |     4 |    11 ||    15
       Tailslap          |     3 |    16 ||    19
       Punch             |       |     5 ||     5
 Cast: Beastly Appendage |    13 |    21 ||    34
       Spider Form       |       |     2 ||     2
  Use: Scroll            |     2 |     5 ||     7
       Potion            |       |     3 ||     3
 Stab: Sleeping          |     1 |       ||     1
Armor: Skin              |    15 |    40 ||    55
Dodge: Dodged            |    48 |   121 ||   169

Table legend: (Time is in decaauts)
 A = Elapsed time spent in this place.
 B = Non-inter-level travel time spent in this place.
 C = Inter-level travel time spent in this place.
 D = Time resting spent in this place.
 E = Time spent auto-exploring this place.
 F = Levels seen in this place.
 G = Mean time per level.
                   A        B        C        D        E       F      G
               +--------+--------+--------+--------+--------+-----+--------+
         Total |   3833 |   3705 |    128 |    434 |   2735 |   4 |  958.2 |
       Dungeon |   3833 |   3705 |    128 |    434 |   2735 |   4 |  958.2 |
               +--------+--------+--------+--------+--------+-----+--------+

Top non-repeatable levels by time:
     D:3: 1584 daAuts
     D:2: 1156 daAuts
     D:1: 946 daAuts
     D:4: 146 daAuts
